cohdb
Replays
Latest Replays
All Replays
Popular Replays
Top Player Replays
Match Explorer
How It Works
Community
CoH3 Stats
Reddit
Sign in to upload your games and track your stats! →
Sign in with Steam
Match 45416177
Unlisted
Match 45416177
Overview
Messages
Build Orders
End
Kradschützen Motorcycle Team
Selects Panzerjäger Kommand Battlegroup
Selects Mine Fields
Panzergrenadier Squad
Panzergrenadier Squad
Construct Light Support Kompanie
Combat Half-tracks
Construct Mechanized Kompanie
Selects Tank Busters
Veteran Squad Leaders
Panzerpioneer Squad
Selects Defensive Positions
Assault Mechanized Group
Support Armor Elements
StuG III D Assault Gun
Emergency Repair Kits
Selects Tank Busters
254 Reconnaissance Tractor
Construct Panzerarmee Kommand
SirFecker
High Voltage
elfen
Karchew
spring
wila
LittleFatty233
[VN]Tôi thích tỉnh lạng s
0
0
Comments
sign in to comment!
No comments posted yet!